 Dungeon Crawl Stone Soup version 0.22.1-1-ga44c0e5 (webtiles) character file.

4992 lysyklops the Fighter (level 10, -4/141 (142) HPs)
             Began as a Minotaur Berserker on Oct 4, 2018.
             Was a High Priest of Trog.
             Slain by a freezing wraith (9 damage)
             ... led by a death knight
             ... on level 9 of the Dungeon.
             The game lasted 00:18:51 (8033 turns).

lysyklops the Fighter (Minotaur Berserker)          Turns: 8033, Time: 00:18:52

HP:   -4/141 (142)  AC: 16    Str: 30    XL:     10   Next: 29%
MP:   9/9           EV:  9    Int:  4    God:    Trog [*****.]
Gold: 337           SH:  0    Dex: 10    Spells: 9/9 levels left

rFire    . . .     SeeInvis .   P - +0 war axe
rCold    . . .     Gourm    .   (no shield)
rNeg     . . .     Faith    .   K - +0 plate armour
rPois    .         Spirit   .   (helmet restricted)
rElec    .         Reflect  .   (no cloak)
rCorr    .         Harm     .   (no gloves)
MR       .....                  C - +0 pair of boots
Stlth    ..........             (no amulet)
HPRegen  0.33/turn              (no ring)
MPRegen  0.11/turn              (no ring)

@: berserking (expiring), slowed
A: retaliatory headbutt, horns 2
a: Berserk, Trog's Hand, Brothers in Arms, Renounce Religion


You were on level 9 of the Dungeon.
You worshipped Trog.
Trog was extremely pleased with you.
You were near starving.

You visited 1 branch of the dungeon, and saw 9 of its levels.
You also visited: Sewer and Ossuary.

You collected 381 gold pieces.
You spent 44 gold pieces at shops.

Inventory:

Hand Weapons
 P - a +0 war axe (weapon)
Armour
 C - a +0 pair of boots (worn)
 K - a +0 plate armour (worn)
Jewellery
 d - an uncursed ring of protection from magic {unknown}
 p - an uncursed amulet of magic regeneration {unknown}
 x - an uncursed ring of positive energy {unknown}
 O - an uncursed amulet of rage {unknown}
Wands
 w - a wand of iceblast (27)
 J - a wand of acid (26)
 N - a wand of disintegration (12)
Scrolls
 b - a scroll of enchant armour {unknown}
 e - 9 scrolls of identify {unknown}
 f - 6 scrolls of remove curse {unknown}
 g - a scroll of fear {unknown}
 h - 2 scrolls of noise {unknown}
 j - a scroll of magic mapping {unknown}
 k - 4 scrolls of amnesia {unknown}
 r - a scroll of brand weapon {unknown}
 t - a scroll of fog {unknown}
 u - 2 scrolls of blinking {unknown}
 y - a scroll of random uselessness {unknown}
 z - 3 scrolls of enchant weapon {unknown}
 D - a scroll of summoning {unknown}
 E - a scroll of vulnerability {unknown}
 H - 5 scrolls of teleportation {unknown}
 I - a scroll of immolation {unknown}
 L - a scroll of holy word {unknown}
 M - a scroll of torment {unknown}
Potions
 i - 2 potions of degeneration {unknown}
 l - 2 potions of brilliance {unknown}
 m - 2 potions of resistance {unknown}
 n - 2 potions of heal wounds {unknown}
 o - 5 potions of might
 q - a potion of flight {unknown}
 s - 6 potions of curing {unknown}
 v - 3 potions of haste
 A - 3 potions of lignification {unknown}
 B - 3 potions of mutation {unknown}
 F - 2 potions of cancellation {unknown}
 G - a potion of berserk rage {unknown}
Comestibles
 c - 11 rations


   Skills:
 + Level 11.0 Fighting
 + Level 10.9 Axes
 + Level 10.7 Armour
 - Level 2.6 Dodging


You had 9 spell levels left.
You didn't know any spells.
Your spell library was empty.

Dungeon Overview and Level Annotations

Branches:
Dungeon (9/15)             Temple (0/1) D:7
   Lair: D:8-11         Orc: D:9-12

Altars:
Ashenzari
Kikubaaqudgha
Okawaru
Vehumet

Shops:
D:4 !


Innate Abilities, Weirdness & Mutations

You reflexively headbutt those who attack you in melee.
You have a pair of horns on your head.


Message History

* * * LOW HITPOINT WARNING * * *
You slash the death knight!
The death knight is almost dead.
The death knight hits you with an enchanted great sword!
* * * LOW HITPOINT WARNING * * *
You hit the death knight.
The death knight is almost dead.
The death knight completely misses you.
You hit the death knight but do no damage.
You headbutt the death knight!
You kill the death knight!
Trog accepts your kill.
Your Fighting skill increases to level 11!
You are too berserk!
You slash the freezing wraith! You headbutt the freezing wraith.
The freezing wraith is almost destroyed.
The freezing wraith hits you!
* * * LOW HITPOINT WARNING * * *
The freezing wraith freezes you!
You die...

# ...#.# # ##..#.# # .
......#.#
########....#.#
>...)).#......#
#####.......## #####
#####..#.....####...#
........#....oWW@...#
...........######..[#
..###..#.......###.##
.####....#.###.##...####
...........# #.#.......#
###.#.##.#.# #.#....##>#
###.#(##.#.# #.#.#.###.#
.†.......††# #.....###.#
###...##.#.# #..#...##.#


You could see a freezing wraith, a wraith and an orc.

Vanquished Creatures
  A death knight (D:9)
  Grinder (D:5)
  Eustachio (D:5)
  Sigmund (D:6)
  Menkaure (D:6)
  A water moccasin (D:9)
  3 orc warriors
  2 phantoms
  2 ice beasts (D:7)
  A necrophage (D:6)
  2 centaurs (D:6)
  3 ogres
  7 big kobolds
  2 bullfrogs
  2 water moccasin zombies (Ossuary)
  3 scorpions
  2 water moccasin skeletons
  5 howler monkeys
  2 crimson imps
  A centaur zombie (D:7)
  5 hounds
  A gnoll shaman (D:4)
  3 orc priests
  Crazy Yiuf (D:7)
  2 centaur skeletons
  A jelly (D:6)
  4 orc wizards
  Ijyb (D:3)
  2 bullfrog skeletons
  2 iguanas (D:4)
  2 worker ants
  6 big kobold zombies (Ossuary)
  3 hound zombies
  2 hound skeletons (D:4)
  2 mummies (Ossuary)
  A worker ant zombie (D:7)
  8 adders
  6 gnolls
  2 river rats
  3 shadow imps
  5 oozes
  6 adder zombies
  9 worms
  4 dart slugs
  6 leopard geckos
  20 orcs
  5 giant cockroaches
  2 gnoll zombies (Ossuary)
  15 goblins
  9 hobgoblins
  15 jackals
  20 kobolds
  4 quokkas
  3 ball pythons
  7 bats
  3 frilled lizards
  A goblin zombie (D:5)
  7 hobgoblin zombies (Ossuary)
  2 kobold zombies (Ossuary)
  5 orc zombies (Ossuary)
  8 rats
  A rat zombie (D:5)
257 creatures vanquished.

Vanquished Creatures (collateral kills)
  An orc (D:7)
1 creature vanquished.

Grand Total: 258 creatures vanquished

Notes
Turn   | Place    | Note
-------+----------+-------------------------------------------
     0 | D:1      | lysyklops the Minotaur Berserker began the quest for the
                  | Orb.
     0 | D:1      | Reached XP level 1. HP: 19/19 MP: 0/0
   197 | D:1      | Reached XP level 2. HP: 26/27 MP: 1/1
   294 | D:1      | Reached skill level 4 in Fighting
   503 | D:1      | Reached XP level 3. HP: 33/33 MP: 2/2
   542 | D:1      | Reached ** piety under Trog
  1066 | D:2      | Reached XP level 4. HP: 16/41 MP: 3/3
  1466 | D:2      | Found a faded altar of an unknown god.
  1703 | D:3      | Reached *** piety under Trog
  1732 | D:3      | Found a glowing drain.
  1741 | D:3      | Reached XP level 5. HP: 33/47 MP: 4/4
  1750 | Sewer    | Entered a sewer
  1862 | Sewer    | Reached skill level 5 in Fighting
  1862 | Sewer    | Reached skill level 5 in Axes
  2131 | Sewer    | Reached XP level 6. HP: 49/56 MP: 5/5
  2334 | Sewer    | Reached skill level 5 in Armour
  2408 | Sewer    | Reached skill level 6 in Fighting
  2409 | Sewer    | Reached XP level 7. HP: 33/63 MP: 6/6
  2655 | D:3      | Noticed Ijyb
  2662 | D:3      | Killed Ijyb
  3279 | D:4      | Found Haemuot's Distillery.
  3298 | D:4      | Bought a potion of might for 44 gold pieces
  3326 | D:4      | Reached **** piety under Trog
  3493 | D:4      | Reached skill level 7 in Fighting
  3946 | D:4      | Reached XP level 8. HP: 72/73 MP: 7/7
  4157 | D:5      | Entered Level 5 of the Dungeon
  4210 | D:5      | Noticed Eustachio
  4244 | D:5      | Killed Eustachio
  4394 | D:5      | Noticed Grinder
  4408 | D:5      | Killed Grinder
  4408 | D:5      | Reached skill level 8 in Fighting
  4416 | D:5      | Found a sand-covered staircase.
  4423 | Ossuary  | Entered an ossuary
  4997 | D:5      | Reached ***** piety under Trog
  5051 | D:5      | Found an ancient bone altar of Kikubaaqudgha.
  5238 | D:6      | Reached XP level 9. HP: 52/82 MP: 8/8
  5281 | D:6      | Reached skill level 9 in Fighting
  5625 | D:6      | Noticed Menkaure
  5637 | D:6      | Killed Menkaure
  5945 | D:6      | Found a shattered altar of Ashenzari.
  5946 | D:6      | Noticed Sigmund
  6070 | D:6      | Killed Sigmund
  6315 | D:7      | Found a shattered altar of Ashenzari.
  6405 | D:7      | Reached skill level 10 in Fighting
  6415 | D:7      | Found a staircase to the Ecumenical Temple.
  6437 | D:7      | Reached skill level 10 in Axes
  6706 | D:7      | Found a radiant altar of Vehumet.
  6935 | D:7      | Found a radiant altar of Vehumet.
  7286 | D:7      | Found a runed door.
  7290 | D:7      | Noticed Crazy Yiuf
  7295 | D:7      | Killed Crazy Yiuf
  7376 | D:8      | Reached skill level 10 in Armour
  7733 | D:8      | Reached XP level 10. HP: 93/93 MP: 9/9
  7919 | D:9      | Found an iron altar of Okawaru.
  8018 | D:9      | Noticed a death knight
  8032 | D:9      | Killed a death knight
  8032 | D:9      | Reached skill level 11 in Fighting
  8033 | D:9      | HP: 5/141 [freezing wraith[a death knight] (9)]
  8033 | D:9      | Slain by a freezing wraith

Skill      XL: |  1  2  3  4  5  6  7  8  9 10 |
---------------+-------------------------------+-----
Fighting       | 4 5 6 7 8 10 11 | 11.0
Armour         | 3 4 5 6 8 10 | 10.7
Axes           | 4 5 6 7 8 10 | 10.9
Dodging        | |  2.6

Action                   |  1- 3 |  4- 6 |  7- 9 | 10-12 || total
-------------------------+-------+-------+-------+-------++-------
Melee: Hand axe          |    88 |   168 |   517 |    29 ||   802
       Headbutt          |    15 |    21 |   102 |    16 ||   154
       War axe           |       |       |       |    41 ||    41
Invok: Berserk           |       |       |     8 |     1 ||     9
       Brothers in Arms  |       |       |     1 |       ||     1
  Use: Potion            |       |       |     1 |       ||     1
  Eat: Chunk             |       |     2 |    15 |       ||    17
       Ration            |       |     1 |     3 |       ||     4
Armor: Animal skin       |    14 |     2 |       |       ||    16
       Ring mail         |       |    31 |   143 |       ||   174
       Plate armour      |       |       |    27 |    38 ||    65
Dodge: Dodged            |    66 |    82 |   255 |    39 ||   442
